 Dungeon Crawl Stone Soup version 0.27-a0-819-g058290f16d (webtiles) character file.

Game seed: 9394305254052646708

36891 polve the Carver (level 13, -3/109 HPs)
             Began as a Demonspawn Abyssal Knight on Mar 29, 2021.
             Was a High Priest of Lugonu.
             Hit by a javelin thrown by Urug (20 damage)
             ... on level 6 of the Lair of Beasts.
             The game lasted 00:26:06 (19274 turns).

polve the Carver (Demonspawn Abyssal Knight)       Turns: 19274, Time: 00:26:07

Health: -3/109     AC: 12    Str: 15    XL:     13   Next: 55%
Magic:  19/20      EV: 13    Int: 17    God:    Lugonu [*****.]
Gold:   973        SH:  7    Dex: 12    Spells: 10/12 levels left

rFire    . . .     SeeInvis +   s - +0 scimitar (flame)
rCold    . . .     Faith    .   z - +2 buckler
rNeg     . . .     Spirit   .   a - +0 troll leather armour
rPois    +         Reflect  .   y - +0 helmet
rElec    .         Harm     .   (no cloak)
rCorr    .         Rampage  .   j - +1 pair of gloves
Will     .....                  (no boots)
Stlth    +.........             (no amulet)
HPRegen  1.28/turn              l - +4 ring of slaying
MPRegen  0.17/turn              u - ring of see invisible

@: no status effects
A: hooves 1, slimy green scales 3, ignite blood 1, powered by pain 1
a: Renounce Religion, Depart the Abyss, Bend Space, Banish, Corrupt, Enter the
Abyss


You were on level 6 of the Lair of Beasts.
You worshipped Lugonu.
Lugonu was extremely pleased with you.
You visited 2 branches of the dungeon, and saw 16 of its levels.
You visited the Abyss 1 time.

You collected 1038 gold pieces.
You spent 65 gold pieces at shops.

Inventory:

Hand Weapons
 d - a +5 great sword
 s - a +0 scimitar of flaming (weapon)
Armour
 a - a +0 troll leather armour (worn)
 j - a +1 pair of gloves (worn)
 y - a +0 helmet (worn)
 z - a +2 buckler (worn)
Jewellery
 c - a ring of ice
 l - a +4 ring of slaying (left hand)
 u - a ring of see invisible (right hand)
 v - a ring of positive energy
Wands
 f - a wand of random effects (37)
Scrolls
 b - 7 scrolls of teleportation
 k - 2 scrolls of enchant weapon
 n - a scroll of fog
 o - a scroll of silence
 q - 4 scrolls of enchant armour
 r - 2 scrolls of immolation
 w - 2 scrolls of blinking
 B - 3 scrolls of magic mapping
 C - a scroll of holy word {unknown}
 D - a scroll of identify
 F - 3 scrolls of amnesia
Potions
 e - a potion of lignification
 g - 4 potions of flight
 h - 3 potions of curing
 i - 2 potions of brilliance
 m - 4 potions of heal wounds
 p - a potion of magic
 t - 3 potions of invisibility
 x - 6 potions of mutation
 A - a potion of ambrosia {unknown}
 E - a potion of attraction


   Skills:
 + Level 12.9 Fighting
 - Level 14.0 Long Blades
 - Level 5.2 Armour
 - Level 5.0 Dodging
 - Level 4.0 Shields
 - Level 4.0 Air Magic
 - Level 10.0 Invocations


You had 10 spell levels left.
You knew the following spells:

 Your Spells              Type           Power      Damage    Failure   Level
s - Swiftness             Air            13%        N/A       9%          2

Your spell library contained the following spells:

 Spells                   Type           Power      Damage    Failure   Level
 Shock                    Conj/Air       24%        1d4       12%         1
 Animate Skeleton         Necr           0%         N/A       28%         1
 Apportation              Tloc           0%         N/A       28%         1
 Corona                   Hex            0%         N/A       28%         1
 Summon Small Mammal      Summ           0%         N/A       28%         1
 Static Discharge         Conj/Air       6%         N/A       36%         3
 Airstrike                Air            6%         N/A       47%         4
 Ice Form                 Ice/Tmut       0%         N/A       95%         4
 Lightning Bolt           Conj/Air       3%         1d14      98%         5
 Metabolic Englaciation   Hex/Ice        0%         N/A       100%        5
 Freezing Cloud           Conj/Ice/Air   2%         6-21      100%        6
 Simulacrum               Ice/Necr       0%         N/A       100%        6
 Ozocubu's Refrigeration  Ice            0%         4d5       100%        7


Dungeon Overview and Level Annotations

Branches:
Dungeon (10/15)            Temple (0/1) D:7            Lair (6/6) D:10
 Shoals (0/4) Lair:2        Snake (0/4) Lair:3          Orc (0/2) D:9
  Slime: Lair:5-6

Altars:
Ashenzari
Elyvilon
Fedhas
Hepliaklqana
Makhleb
Nemelex Xobeh
Qazlal
Sif Muna
Uskayaw
Wu Jian
Yredelemnul
Zin
The Shining One

Shops:
D:9 ![(

Annotations:
Lair:6 Urug


Innate Abilities, Weirdness & Mutations

You have large cloven feet.
You are completely covered in slimy green scales. (AC +4, rPois)
Your demonic aura sometimes causes spilled blood to erupt in flames You sometimes gain a little power by taking damage.


Message History

You are too injured to fight recklessly!
You are too injured to fight recklessly!
You are too injured to fight recklessly!
You are too injured to fight recklessly!
You are too injured to fight recklessly!
You are too injured to fight recklessly!
You are too injured to fight recklessly!
You are too injured to fight recklessly!
You are too injured to fight recklessly!
You are too injured to fight recklessly!
You are too injured to fight recklessly!
You are too injured to fight recklessly!
You are too injured to fight recklessly!
You are too injured to fight recklessly!
You are too injured to fight recklessly!
You are too injured to fight recklessly!
You are too injured to fight recklessly!
You are too injured to fight recklessly!
You lop one of the eight-headed hydra's heads off!
The flame cauterises the wound!
You slash the seven-headed hydra! You burn the seven-headed hydra.
You kick the seven-headed hydra.
The seven-headed hydra is lightly wounded.
Urug is engulfed in blazing flames.
Urug hits you from afar with a +1 glaive!!
The seven-headed hydra bites you but does no damage.
The seven-headed hydra bites you! x2; The seven-headed hydra misses you.
The seven-headed hydra bites you.
The seven-headed hydra bites you but does no damage.
The seven-headed hydra bites you!
* * * LOW HITPOINT WARNING * * *
The water moccasin bites you.
* * * LOW HITPOINT WARNING * * *
Urug is engulfed in blazing flames.
The seven-headed hydra is engulfed in blazing flames.
You are too injured to fight recklessly!
Space bends around you!
You blink.
A rime drake comes into view.
The rime drake hisses angrily.
You hear an angry growl.
Urug throws a javelin.
The javelin pierces through you!!
You die...

#...../†.......
#P.....°°#....
###..S§DoY...#
###.P.......... .
##P#............
..###............... .
#..........###........
# ..^........#
P.......## #...@..##
...P...... ....P....##
.......... .P........#
..#.#..... ≈♣...P....#
##.#.....P .≈..P.....#
..<....... ≈...###....
...#...... ≈...
.....k.P....#P.#.. .≈♣
.......#P.........
#?.Y..(......#.


You could see a seven-headed hydra, Urug, a yak, a rime drake and a water
moccasin.

Vanquished Creatures
  Fannar (Lair:3)
  Erica (D:10)
  3 hydras (Lair:3)
  A death yak (Lair:5)
  5 two-headed ogres
  An oklob plant (D:10)
  5 elephants (Lair:6)
  A merfolk siren (Lair:2)
  3 black mambas
  A gargoyle (D:7)
  8 cane toads
  6 komodo dragons
  A troll (D:10)
  2 hornets (D:10)
  Grinder (D:3)
  9 dream sheep
  3 blink frogs (Lair:3)
  Sigmund (D:2)
  2 shadows
  3 vampires
  2 wyverns
  61 yaks
  A basilisk (Lair:1)
  3 steam dragons
  Menkaure (D:5)
  2 vampire mosquitoes (D:10)
  2 nagas (Lair:3)
  10 water moccasins
  2 ice beasts
  2 necrophages
  3 orc warriors
  A hornet zombie (D:7)
  2 ogres (D:6)
  11 wolves
  5 centaurs
  2 kobold brigands
  2 gnoll sergeants
  14 bullfrogs
  A wyvern zombie (D:6)
  3 scorpions
  14 wights
  13 killer bees
  2 electric eels
  3 howler monkeys
  2 bullfrog zombies
  8 centaur zombies
  2 hounds
  2 jellies
  A gnoll shaman (D:8)
  A bullfrog skeleton (D:5)
  Natasha (twice) (D:2)
  An orc wizard (D:5)
  4 hell rats (Lair:5)
  A killer bee zombie (D:6)
  A hound zombie (D:5)
  2 howler monkey zombies
  9 gnolls
  A howler monkey skeleton (D:5)
  7 adders
  3 white imps
  An ufetubus (D:4)
  3 worms
  A dart slug (D:4)
  32 orcs
  5 endoplasms
  3 giant cockroaches
  3 goblins
  5 hobgoblins
  5 jackals (D:4)
  9 kobolds
  4 quokkas
  9 ball pythons
  4 bats
  2 frilled lizards
  5 rats
358 creatures vanquished.

Vanquished Creatures (others)
  20 fungi
  21 plants
41 creatures vanquished.

Grand Total: 399 creatures vanquished

Notes
Turn   | Place    | Note
-------+----------+-------------------------------------------
     0 | Abyss:1  | polve the Demonspawn Abyssal Knight began the quest for the
                  | Orb.
     0 | Abyss:1  | Reached XP level 1. HP: 18/18 MP: 2/2
    93 | Abyss:1  | Noticed a ynoxinul
    96 | D:1      | Escaped the Abyss
   197 | D:1      | Reached skill level 2 in Long Blades
   204 | D:1      | Reached * piety under Lugonu
   476 | D:1      | Gained mutation: You have large cloven feet. [demonic
                  | ancestry]
   476 | D:1      | Reached XP level 2. HP: 24/24 MP: 3/3
  1452 | D:2      | Found a stormy altar of Qazlal.
  1506 | D:2      | Reached skill level 3 in Long Blades
  1734 | D:2      | Noticed Sigmund
  1748 | D:2      | HP: 1/24 [Sigmund/+0 scythe (3)]
  1750 | D:2      | Killed Sigmund
  1751 | D:2      | Reached skill level 5 in Long Blades
  1751 | D:2      | Reached XP level 3. HP: 1/29 MP: 4/4
  1751 | D:2      | Gained mutation: You are partially covered in slimy green
                  | scales. (AC +2) [demonic ancestry]
  1751 | D:2      | Reached XP level 4. HP: 2/35 MP: 5/5
  1751 | D:2      | Gained mutation: You are mostly covered in slimy green
                  | scales. (AC +3) [demonic ancestry]
  1751 | D:2      | Reached XP level 5. HP: 2/41 MP: 6/6
  2142 | D:2      | Found a basalt altar of Yredelemnul.
  2144 | D:2      | Noticed Natasha
  2148 | D:2      | Found a burning altar of Makhleb.
  2151 | D:2      | Killed Natasha
  2449 | D:2      | Found a shimmering blue altar of Sif Muna.
  2810 | D:2      | Noticed Natasha
  2824 | D:2      | Killed Natasha
  3356 | D:3      | Gained mutation: Your demonic aura sometimes causes spilled
                  | blood to erupt in flames [demonic ancestry]
  3356 | D:3      | Reached XP level 6. HP: 47/47 MP: 7/7
  3771 | D:3      | Reached skill level 6 in Long Blades
  3959 | D:3      | Noticed Grinder
  3964 | D:3      | Reached ** piety under Lugonu
  3967 | D:3      | Paralysed by Grinder for 5 turns
  3980 | D:3      | Killed Grinder
  3981 | D:3      | Reached skill level 7 in Long Blades
  3981 | D:3      | Reached XP level 7. HP: 13/52 MP: 8/8
  5075 | D:5      | Entered Level 5 of the Dungeon
  5323 | D:5      | Reached skill level 8 in Long Blades
  5718 | D:5      | Noticed Menkaure
  5730 | D:5      | Killed Menkaure
  5902 | D:5      | Reached XP level 8. HP: 55/58 MP: 9/9
  6131 | D:6      | Reached skill level 9 in Long Blades
  6400 | D:6      | Reached *** piety under Lugonu
  6840 | D:6      | Found a blossoming altar of Fedhas.
  6846 | D:6      | Reached skill level 10 in Long Blades
  7351 | D:6      | Reached skill level 1 in Dodging
  8000 | D:7      | Reached XP level 9. HP: 50/64 MP: 10/10
  8188 | D:7      | Reached skill level 1 in Shields
  8476 | D:7      | Found a faded altar of an unknown god.
  8480 | D:7      | Found a hazy altar of Hepliaklqana.
  8480 | D:7      | Noticed a gargoyle
  8489 | D:7      | Killed a gargoyle
  8673 | D:7      | Found a staircase to the Ecumenical Temple.
  9121 | D:7      | Found a sparkling altar of Nemelex Xobeh.
  9227 | D:7      | Reached skill level 5 in Fighting
  9966 | D:8      | Reached XP level 10. HP: 76/76 MP: 11/11
 10375 | D:8      | Found a hide-covered altar of Uskayaw.
 10650 | D:8      | Found an ornate altar of the Wu Jian Council.
 10907 | D:9      | Found Moull's Distillery.
 11595 | D:9      | Found a broken altar of Ashenzari.
 11617 | D:9      | Reached skill level 5 in Armour
 11744 | D:9      | Reached **** piety under Lugonu
 11804 | D:9      | Reached skill level 5 in Dodging
 11830 | D:9      | Found Ytegoim's Weapon Boutique.
 11830 | D:9      | Found a staircase to the Orcish Mines.
 11838 | D:9      | Found Xoez's Armour Boutique.
 12080 | D:9      | Bought a potion of heal wounds for 65 gold pieces
 12095 | D:9      | Noticed a two-headed ogre
 12103 | D:9      | Killed a two-headed ogre
 12104 | D:9      | Reached skill level 5 in Invocations
 12321 | D:9      | Learned a level 2 spell: Swiftness
 12528 | D:10     | Entered Level 10 of the Dungeon
 12550 | D:10     | Reached skill level 1 in Air Magic
 12550 | D:10     | Gained mutation: You are completely covered in slimy green
                  | scales. (AC +4, rPois) [demonic ancestry]
 12550 | D:10     | Reached XP level 11. HP: 63/86 MP: 13/15
 12697 | D:10     | Noticed a two-headed ogre
 12708 | D:10     | Killed a two-headed ogre
 12768 | D:10     | Noticed a two-headed ogre
 12825 | D:10     | HP: 2/86 [yak (10)]
 13697 | D:10     | Reached skill level 10 in Invocations
 13747 | D:10     | Noticed a two-headed ogre
 13755 | D:10     | Killed a two-headed ogre
 13768 | D:10     | Noticed a two-headed ogre
 13789 | D:10     | Killed a two-headed ogre
 13790 | D:10     | Reached skill level 11 in Long Blades
 13848 | D:10     | Killed a two-headed ogre
 13953 | D:10     | Noticed Erica
 13967 | D:10     | Killed Erica
 14000 | D:10     | Noticed an oklob plant
 14039 | D:10     | Found a staircase to the Lair.
 14139 | D:10     | Gained mutation: You sometimes gain a little power by
                  | taking damage. [demonic ancestry]
 14139 | D:10     | Reached XP level 12. HP: 82/95 MP: 19/19
 14472 | Lair:1   | Entered Level 1 of the Lair of Beasts
 14576 | Lair:1   | Reached ***** piety under Lugonu
 14584 | Lair:1   | Reached skill level 12 in Long Blades
 15477 | Lair:2   | Identified the ring "Nicoen" {Ice Int+5}
 15641 | Lair:2   | Found a staircase to the Shoals.
 16289 | Lair:3   | Reached skill level 10 in Fighting
 16314 | Lair:3   | Noticed a five-headed hydra
 16322 | Lair:3   | Killed a two-headed hydra
 16373 | Lair:3   | Reached skill level 13 in Long Blades
 16618 | Lair:3   | Noticed Fannar
 16638 | Lair:3   | Killed Fannar
 16725 | Lair:3   | Noticed a six-headed hydra
 16740 | Lair:3   | Killed a two-headed hydra
 16797 | Lair:3   | Found a staircase to the Snake Pit.
 16813 | Lair:3   | Noticed a six-headed hydra
 16822 | Lair:3   | Killed a four-headed hydra
 16823 | Lair:3   | Reached XP level 13. HP: 79/105 MP: 20/20
 17203 | Lair:3   | Identified the +2 chain mail of Past Mistakes {+Fly rPois
                  | rC-}
 18220 | Lair:5   | Reached skill level 14 in Long Blades
 18894 | Lair:6   | Entered Level 6 of the Lair of Beasts
 19264 | Lair:6   | Noticed Urug
 19274 | Lair:6   | Hit by a javelin thrown by Urug

Illustrated notes

Levels and vault maps discovered:
D:1:      minmay_arrival_loop, layout_basic
D:2:      layout_basic, led_sif_pool, grunt_temple_overflow_open,
          lemuel_doored_altar, kennysheep_another_room, uniq_natasha,
          uniq_sigmund
D:3:      layout_basic, hangedman_decor_points, uniq_grinder
D:4:      layout_basic, minmay_mini_jars
D:5:      layout_basic, uniq_menkaure
D:6:      layout_layer_cave, marbit_many_paths
D:7:      layout_loops_ring, beargit_hepliaklqana_dungeon_heroes,
          chequers_temple_overflow_statue_of_worship, temple_fountains
D:8:      layout_cave_pools, kennysheep_mini, pdpol_wu_jian_five_deadly_venoms
D:9:      layout_cave_pools, nicolae_ashenzari_skybound, orc_david_3,
          serial_shops, shop
D:10:     minmay_four_partial_circles, layout_basic, dpeg_oklobed_lair,
          uniq_erica
Lair:1:   layout_gridlike, eino_small_chamber_without_monster
Lair:2:   layout_cave_pods, minmay_shoals_entry_lonely_mermaid,
          cheibrodos_lair_caveside_slide, beast_lair_carwin_2
Lair:3:   layout_roguey, guppyfry_snake_entry_island, st_stairs_11,
          hibernation_bobbens, uniq_fannar
Lair:4:   layout_cave_pods, infiniplex_staircase_pool
Lair:5:   layout_loops_ring, serial_bayou_shore_b, grunt_megastairs_3
Lair:6:   due_jungle_book, layout_misc_corridors, slime_altar_1, basic_altar,
          nicolae_quartered_pool_little, uniq_urug

Skill      XL: |  1  2  3  4  5  6  7  8  9 10 11 12 13 |
---------------+----------------------------------------+-----
Long Blades    | 2 5 7 8 10 11 13 14 | 14.0
Armour         | 2 4 5 |  5.2
Dodging        | 1 3 5 |  5.0
Shields        | 4 |  4.0
Fighting       | 6 8 9 10 12 | 12.9
Invocations    | 5 10 | 10.0
Air Magic      | 1 4 |  4.0

Action                   |  1- 3 |  4- 6 |  7- 9 | 10-12 | 13-15 || total
-------------------------+-------+-------+-------+-------+-------++-------
Melee: Falchion          |    81 |    87 |   334 |   127 |       ||   629
       Kick              |    11 |    22 |    94 |   237 |    95 ||   459
       Long sword        |       |       |       |   272 |       ||   272
       Scimitar          |       |       |       |   297 |   218 ||   515
 Cast: Swiftness         |       |       |       |     3 |       ||     3
Invok: Depart the Abyss  |     1 |       |       |       |       ||     1
       Bend Space        |       |       |       |     3 |     1 ||     4
  Use: Potion            |     4 |     1 |     4 |     3 |       ||    12
       Scroll            |       |       |       |    17 |       ||    17
Armor: Ring mail         |    33 |    35 |    82 |   126 |       ||   276
       Troll leather arm |       |       |       |    95 |    56 ||   151
Dodge: Dodged            |    40 |    37 |   132 |   292 |   114 ||   615
Block: Buckler           |       |       |    27 |   207 |    54 ||   288
       Rpst.: Falchion   |     9 |    11 |    33 |    16 |       ||    69
       Long sword        |       |       |       |    34 |       ||    34
       Scimitar          |       |       |       |    19 |    34 ||    53

Table legend: (Time is in decaauts)
 A = Elapsed time spent in this place.
 B = Non-inter-level travel time spent in this place.
 C = Inter-level travel time spent in this place.
 D = Time resting spent in this place.
 E = Time spent auto-exploring this place.
 F = Levels seen in this place.
 G = Mean time per level.
                   A        B        C        D        E       F      G
               +--------+--------+--------+--------+--------+-----+--------+
         Total |  18997 |  18518 |    479 |     37 |  15890 |  18 | 1055.4 |
       Dungeon |  14198 |  13911 |    287 |     37 |  11967 |  10 | 1419.8 |
          Lair |   4703 |   4511 |    192 |      0 |   3850 |   6 |  783.8 |
         Abyss |     95 |     95 |      0 |      0 |     73 |   2 |   47.5 |
               +--------+--------+--------+--------+--------+-----+--------+

Top non-repeatable levels by time:
     D:6: 1831 daAuts
     D:9: 1669 daAuts
     D:2: 1665 daAuts
    D:10: 1637 daAuts
     D:7: 1589 daAuts
     D:3: 1320 daAuts
     D:1: 1296 daAuts
     D:8: 1185 daAuts
     D:5: 1136 daAuts
  Lair:2: 1119 daAuts
  Lair:3: 989 daAuts
     D:4: 865 daAuts
  Lair:4: 860 daAuts
  Lair:5: 798 daAuts
  Lair:1: 663 daAuts
